 Dungeon Crawl Stone Soup version 0.30.0-19-g36f170ea60 (webtiles) character file.

Game seed: 2178155747622768166

12308 croobank the Conjurer (level 11, -1/80 HPs)
             Began as a Demigod Conjurer on May 29, 2023.
             Slain by a vampire (6 damage)
             ... on level 11 of the Dungeon.
             The game lasted 00:58:59 (14854 turns).

croobank the Conjurer (Demigod Conjurer)           Turns: 14854, Time: 00:59:00

Health: -1/80      AC: 12    Str: 12    XL:     11   Next: 35%
Magic:  0/24       EV: 15    Int: 39    God:
Gold:   120        SH:  0    Dex: 15    Spells: 5/22 levels left

rFire   + + .        S - +8 whip of Death's Door {flame, rF+ rC+ Int+5 Dex-2}
rCold   + . .        (no shield)
rNeg    . . .        E - +1 robe of the Orb {Rampage rF+ rCorr}
rPois   .            w - +2 helmet {Int+3}
rElec   .            F - +0 cloak
rCorr   +            g - +1 pair of gloves
SInv    .            r - +2 pair of boots
Will    +....        i - amulet of guardian spirit
Stlth   ++++         x - +6 ring of dexterity
HPRegen 0.33/turn    (no ring)
MPRegen 0.19/turn

%: guardian spirit, rampage
@: mighty
A: high MP 1, forlorn, divine attributes, frail 1, strong 1
a: no special abilities


You were on level 11 of the Dungeon.
You visited 1 branch of the dungeon, and saw 12 of its levels.

You collected 637 gold pieces.
You spent 517 gold pieces at shops.

Inventory:

Hand Weapons
 a - a +5 quarterstaff of chaos
 b - a +0 arbalest
 h - a +1 demon whip of venom
 j - a +0 short sword
 t - a +0 vampiric war axe
 u - a +1 dagger of pain
 v - a +0 scimitar
 A - a +2 whip of freezing
 C - a +5 flail of draining
 H - a +0 long sword
 L - a +3 morningstar
 M - a +3 dagger of chaos
 S - the +8 whip of Death's Door (weapon) {flame, rF+ rC+ Int+5 Dex-2}
   (You took it off a centaur on level 9 of the Dungeon)

   Int:       It affects your intelligence (+5).
   Dex:       It affects your dexterity (-2).
   rF:        It protects you from fire.
   rC:        It protects you from cold.
Missiles
 p - 4 atropa-tipped darts (quivered)
 D - 19 poisoned darts
 P - a throwing net
Armour
 g - a +1 pair of gloves (worn)
 r - a +2 pair of boots (worn)
 w - a +2 helmet of intelligence (worn)
 E - the +1 robe of the Orb (worn) {Rampage rF+ rCorr}
   (You found it on level 4 of the Dungeon)

   rF:        It protects you from fire.
   rCorr:     It protects you from acid and corrosion.
   Rampage:   It bestows one free step when moving towards enemies.
 F - a +0 cloak (worn)
 O - a +0 buckler
Magical Staves
 y - a staff of air
Jewellery
 i - an amulet of guardian spirit (around neck)
 x - a +6 ring of dexterity (left hand)
 R - a ring of wizardry
 T - a ring of protection from fire
Wands
 B - a wand of polymorph (6)
 G - a wand of roots (7)
 I - a wand of flame (6)
 J - a wand of light (1)
Scrolls
 d - a scroll of magic mapping
 o - a scroll of teleportation
 q - a scroll of vulnerability
 K - a scroll of immolation
Potions
 c - 2 potions of brilliance
 e - a potion of cancellation
 f - 3 potions of ambrosia
 k - 4 potions of curing
 l - a potion of attraction
 m - a potion of flight
 n - a potion of resistance
 s - a potion of might
 z - a potion of lignification {unknown}
 N - a potion of haste {unknown}
 Q - a potion of mutation


   Skills:
 + Level 6.1 Fighting
 * Level 6.9 Staves
 + Level 6.7 Dodging
 + Level 7.1 Stealth
 + Level 6.0 Spellcasting
 + Level 7.3 Conjurations
 - Level 5.0 Hexes
 + Level 4.0 Translocations


You had 5 spell levels left.
You knew the following spells:

 Your Spells              Type           Power      Damage    Failure   Level
a - Magic Dart            Conj           100%       1d8       1%          1
b - Searing Ray           Conj           100%       2d8       1%          2
c - Dazzling Flash        Conj/Hex       100%       N/A       1%          3
d - Iskenderun's Mystic   Conj/Tloc      54%        2d12      2%          4
e - Summon Guardian Gole  Hex/Summ       31%        N/A       3%          3
f - Fulminant Prism       Conj/Hex       28%        3d14      2%          4

Your spell library contained the following spells:

 Spells                   Type           Power      Damage    Failure   Level
 Necrotise                Necr           44%        1d6       2%          1
 Summon Small Mammal      Summ           44%        N/A       2%          1
 Call Canine Familiar     Summ           11%        N/A       9%          3
 Vampiric Draining        Necr           11%        2d6       9%          3
 Agony                    Necr           11%        N/A       61%         5


Dungeon Overview and Level Annotations

Branches:
Dungeon (12/15)            Temple (0/1) D:7            Lair (0/5) D:8
    Orc: D:9-12

Shops:
D:2 !?[=   D:5 !:   D:8 ?

Annotations:
D:9 1 runed translucent door, exclusion: obsidian statue, superbruh's ghost, novice MiFi


Innate Abilities, Weirdness & Mutations

You have an increased reservoir of magic. (+10% MP)
You shall have no god before yourself.
Your divine heritage dramatically boosts your attributes as you level up.
You are frail. (-10% HP)
Your muscles are strong. (Str +4, Int/Dex -1)


Message History

The searing ray hits something.
The searing ray hits the two-headed ogre.
The two-headed ogre is heavily wounded.
The searing ray hits the centaur.
The centaur is almost dead.
Something hits you but does no damage. Something bites you.
Something draws strength from your injuries!
The searing ray hits something!
The searing ray hits the two-headed ogre!
The two-headed ogre is severely wounded.
The searing ray hits the centaur!
You kill the centaur!
You finish channelling your searing ray.
Something barely misses you. Something bites you but does no damage.
Casting: Searing Ray (safe; 1% risk of failure)
Confirm with . or Enter, or press ? or * to list all spells.
Aiming: Searing Ray (safe; 1% risk of failure)
Press: ? - help, Shift-Dir - straight line The searing ray hits the two-headed ogre!
The two-headed ogre is almost dead. (Press . to maintain the ray.)
Something hits you but does no damage. Something bites you but does no damage.
The searing ray hits something.
The searing ray hits the two-headed ogre!
You kill the two-headed ogre!
Something hits you but does no damage. Something bites you.
Something draws strength from your injuries!
Your Translocations skill increases to level 4!
You feel very mighty all of a sudden. Something hits you.
Something bites you but does no damage.
You whack something! You burn something. You closely miss something.
Something draws life force from you.
You closely miss something. Something hits you!
* * * LOW HITPOINT WARNING * * *
Something bites you but does no damage.
You miss something. Something draws life force from you!
* * * LOW HITPOINT WARNING * * *
You hit something. You burn something. Something hits you but does no damage.
Something bites you.
You die...

. .. .~~ ..~~ ### ..~≈≈
..##################..~~≈~
..'.............@{))......
..#############.###.#...##
..# #.# .# .# ..# #.# .#
### #.. .# ### .# .# .#


There were no monsters in sight!

Vanquished Creatures
  A two-headed ogre (D:11)
  Amaemon (D:11)
  Pikel (D:5)
  An orange demon (D:11)
  An unseen horror (D:10)
  Psyche (D:8)
  A yaktaur (shapeshifter) (D:9)
  Grinder (D:4)
  Prince Ribbit (D:8)
  4 slime creatures
  A shadow (D:10)
  16 yaks
  A wraith (D:10)
  4 fire bats (D:8)
  2 steam dragons
  A warg (D:8)
  A water moccasin (D:6)
  Edmund (D:4)
  A hell hound (D:8)
  A floating eye (shapeshifter) (D:8)
  An ice beast (D:5)
  2 sky beasts
  8 orc warriors
  2 ogres
  2 lemures (D:5)
  8 centaurs
  Blork the orc (D:4)
  2 kobold brigands
  A bullfrog (D:7)
  A gnoll sergeant (D:9)
  3 scorpions
  4 wights (D:7)
  4 killer bees
  7 howler monkeys
  An electric eel (D:10)
  2 lava snakes (D:8)
  A jelly (D:5)
  2 hounds
  Crazy Yiuf (D:4)
  6 orc priests
  A gnoll bouda (D:7)
  A sleepcap (D:7)
  4 iguanas
  Natasha (thrice) (D:4)
  9 orc wizards
  2 human simulacra (D:11)
  Robin (D:3)
  7 gnolls
  5 adders
  2 shadow imps
  3 white imps
  A worm (D:5)
  8 dart slugs
  46 orcs
  10 endoplasms
  3 giant cockroaches
  15 goblins
  4 hobgoblins
  8 jackals
  16 kobolds
  4 quokkas
  12 ball pythons
  5 bats
  2 frilled lizards (D:2)
  3 rats
  A fire vortex (D:8)
277 creatures vanquished.

Vanquished Creatures (collateral kills)
  2 wargs (D:8)
  2 orc priests (D:8)
  An orc wizard (D:8)
5 creatures vanquished.

Vanquished Creatures (others)
  A centaur warrior (D:11)
  A cyclops (D:11)
  2 fire vortices (D:8)
4 creatures vanquished.

Grand Total: 286 creatures vanquished

Notes
Turn   | Place    | Note
-------+----------+-------------------------------------------
     0 | D:1      | croobank the Demigod Conjurer began the quest for the Orb.
     0 | D:1      | Reached XP level 1. HP: 14/14 MP: 5/5
   222 | D:1      | Reached XP level 2. HP: 20/20 MP: 0/7
   224 | D:2      | Found Zopel's Magic Scroll Emporium.
   635 | D:1      | Learned a level 2 spell: Searing Ray
   951 | D:1      | Reached XP level 3. HP: 25/27 MP: 5/8
   955 | D:1      | Learned a level 3 spell: Dazzling Flash
  1270 | D:2      | Found Cach's Distillery.
  1280 | D:2      | Bought a potion of curing for 30 gold pieces
  1280 | D:2      | Bought a potion of flight for 30 gold pieces
  1849 | D:2      | Reached skill level 1 in Fighting
  1879 | D:2      | Bought a scroll of identify for 26 gold pieces
  1887 | D:2      | Found Zump's Jewellery Emporium.
  1896 | D:2      | Found Niodghapt's Antique Armour Shoppe.
  2267 | D:3      | Reached XP level 4. HP: 35/35 MP: 3/10
  2498 | D:3      | Noticed Robin
  2521 | D:3      | Killed Robin
  2529 | D:3      | Reached XP level 5. HP: 24/40 MP: 2/11
  3067 | D:4      | Noticed Blork the orc
  3073 | D:4      | Killed Blork the orc
  3074 | D:4      | Reached skill level 1 in Hexes
  3426 | D:4      | Noticed Grinder
  3437 | D:4      | Paralysed by Grinder for 4 turns
  3445 | D:4      | Killed Grinder
  3446 | D:4      | Reached XP level 6. HP: 25/48 MP: 1/13
  3582 | D:4      | Noticed Edmund
  3734 | D:5      | Entered Level 5 of the Dungeon
  3853 | D:5      | Noticed Pikel
  3865 | D:5      | Reached XP level 7. HP: 43/54 MP: 5/14
  3872 | D:5      | Killed Pikel
  3873 | D:5      | Reached skill level 5 in Conjurations
  3985 | D:5      | Found Kuzxuff's Tremendous Tomes.
  4176 | D:5      | Reached XP level 8. HP: 28/63 MP: 0/17
  4641 | D:4      | Noticed Natasha
  4648 | D:4      | Killed Natasha
  4753 | D:4      | Noticed Natasha
  4757 | D:4      | Killed Natasha
  4988 | D:4      | Killed Edmund
  5075 | D:4      | Noticed Natasha
  5079 | D:4      | Killed Natasha
  5157 | D:4      | Identified the +1 robe of the Orb {Rampage rF+ rCorr}
  5477 | D:4      | Found a runed translucent door.
  5478 | D:4      | Noticed Crazy Yiuf
  5484 | D:4      | Killed Crazy Yiuf
  5784 | D:5      | Found Alebaut's Distillery.
  5794 | D:5      | Bought 2 potions of heal wounds for 120 gold pieces
  6133 | D:5      | Bought a potion of cancellation for 96 gold pieces
  6145 | D:6      | Reached skill level 1 in Staves
  6347 | D:6      | Reached skill level 5 in Stealth
  7471 | D:7      | Reached skill level 5 in Dodging
  7471 | D:7      | Reached XP level 9. HP: 64/71 MP: 7/19
  7570 | D:7      | Found a staircase to the Ecumenical Temple.
  8212 | D:8      | Found Yxovoups's Magic Scroll Boutique.
  8220 | D:8      | Bought a scroll of identify for 20 gold pieces
  8220 | D:8      | Bought a scroll of identify for 20 gold pieces
  8220 | D:8      | Bought a scroll of summoning for 95 gold pieces
  8238 | D:8      | Learned a level 4 spell: Iskenderun's Mystic Blast
  8280 | D:8      | Noticed Psyche
  8294 | D:8      | Killed Psyche
  8297 | D:8      | a black bear changed into a glowing shapeshifter
  8297 | D:8      | Noticed a glowing shapeshifter (glowing shapeshifter)
  8297 | D:8      | a glowing shapeshifter changed into a moth of wrath
  8297 | D:8      | Noticed a moth of wrath (glowing shapeshifter)
  8299 | D:8      | a moth of wrath changed into an orb spider
  8299 | D:8      | Noticed an orb spider (glowing shapeshifter)
  8303 | D:8      | an orb spider changed into a glowing shapeshifter
  8303 | D:8      | Noticed a glowing shapeshifter (glowing shapeshifter)
  8303 | D:8      | a glowing shapeshifter changed into a dream sheep
  8305 | D:8      | a dream sheep changed into a faun
  8305 | D:8      | Noticed a faun (glowing shapeshifter)
  8307 | D:8      | a faun changed into a floating eye
  8576 | D:8      | Reached skill level 1 in Translocations
  8721 | D:8      | HP: 2/72 [orc priest/divine providence (12)]
  8731 | D:8      | Found a staircase to the Lair.
  8966 | D:8      | Reached skill level 5 in Spellcasting
  9239 | D:8      | Reached XP level 10. HP: 64/80 MP: 15/21
  9247 | D:8      | Reached skill level 5 in Fighting
  9684 | D:8      | Noticed Prince Ribbit
  9701 | D:8      | Killed Prince Ribbit
 10143 | D:9      | a yak changed into a glowing shapeshifter
 10143 | D:9      | Noticed a glowing shapeshifter (glowing shapeshifter)
 10143 | D:9      | a glowing shapeshifter changed into an eye of devastation
 10143 | D:9      | Noticed an eye of devastation (glowing shapeshifter)
 10145 | D:9      | an eye of devastation changed into a glowing shapeshifter
 10145 | D:9      | Noticed a glowing shapeshifter (glowing shapeshifter)
 10146 | D:9      | a glowing shapeshifter changed into a shining eye
 10146 | D:9      | Noticed a shining eye (glowing shapeshifter)
 10152 | D:9      | Gained mutation: You have hidden genetic defects. [a
                  | shining eye]
 10153 | D:9      | a shining eye changed into a sea snake
 10153 | D:9      | Noticed a sea snake (glowing shapeshifter)
 10154 | D:9      | a sea snake changed into a deep troll
 10154 | D:9      | Noticed a deep troll (glowing shapeshifter)
 10155 | D:9      | a deep troll changed into a wolf spider
 10155 | D:9      | Noticed a wolf spider (glowing shapeshifter)
 10156 | D:9      | a wolf spider changed into a merfolk
 10162 | D:9      | a swamp worm changed into a death drake
 10162 | D:9      | Noticed a death drake (glowing shapeshifter)
 10163 | D:9      | a death drake changed into a glowing shapeshifter
 10163 | D:9      | Noticed a glowing shapeshifter (glowing shapeshifter)
 10164 | D:9      | a glowing shapeshifter changed into an anaconda
 10164 | D:9      | Noticed an anaconda (glowing shapeshifter)
 10165 | D:9      | an anaconda changed into a torpor snail
 10165 | D:9      | Noticed a torpor snail (glowing shapeshifter)
 10167 | D:9      | a torpor snail changed into an orb spider
 10167 | D:9      | Noticed an orb spider (glowing shapeshifter)
 10168 | D:9      | an orb spider changed into a water nymph
 10168 | D:9      | Noticed a water nymph (glowing shapeshifter)
 10169 | D:9      | a water nymph changed into a deep troll
 10169 | D:9      | Noticed a deep troll (glowing shapeshifter)
 10173 | D:9      | a deep troll changed into a shining eye
 10173 | D:9      | Noticed a shining eye (glowing shapeshifter)
 10175 | D:9      | a shining eye changed into a moth of wrath
 10175 | D:9      | Noticed a moth of wrath (glowing shapeshifter)
 10176 | D:9      | a moth of wrath changed into an eye of devastation
 10176 | D:9      | Noticed an eye of devastation (glowing shapeshifter)
 10185 | D:9      | an eye of devastation changed into a yaktaur
 10190 | D:9      | Reached skill level 5 in Staves
 10337 | D:8      | Reached skill level 5 in Hexes
 11322 | D:9      | Identified the +8 whip of Death's Door {flame, rF+ rC+
                  | Int+5 Dex-2}
 11331 | D:9      | Gained mutation: You occasionally lose the ability to drink
                  | potions when taking damage. [hidden defects]
 11338 | D:9      | Noticed an obsidian statue
 11339 | D:9      | Noticed a sixfirhy
 11799 | D:8      | Learned a level 3 spell: Summon Guardian Golem
 12062 | D:9      | Found a runed translucent door.
 12065 | D:9      | Noticed superbruh's ghost (novice MiFi)
 12216 | D:9      | Lost mutation: You occasionally lose the ability to drink
                  | potions when taking damage. [potion of mutation]
 12216 | D:9      | Lost mutation: You have hidden genetic defects. [potion of
                  | mutation]
 12216 | D:9      | Gained mutation: Potions are less effective at restoring
                  | your health. [potion of mutation]
 12216 | D:9      | Gained mutation: You are vulnerable to cold. (rC-) [potion
                  | of mutation]
 12216 | D:9      | Gained mutation: You have a considerably increased
                  | reservoir of magic. (+20% MP) [potion of mutation]
 12217 | D:9      | Lost mutation: You have a considerably increased reservoir
                  | of magic. (+20% MP) [potion of mutation]
 12217 | D:9      | Lost mutation: You are vulnerable to cold. (rC-) [potion of
                  | mutation]
 12217 | D:9      | Gained mutation: You are clumsy. (Dex -2) [potion of
                  | mutation]
 12388 | D:2      | Bought a potion of mutation for 80 gold pieces
 12388 | D:2      | Lost mutation: Potions are less effective at restoring your
                  | health. [potion of mutation]
 12388 | D:2      | Lost mutation: You are clumsy. (Dex -2) [potion of
                  | mutation]
 12388 | D:2      | Gained mutation: Your muscles are strong. (Str +4, Int/Dex
                  | -1) [potion of mutation]
 12388 | D:2      | Gained mutation: You are frail. (-10% HP) [potion of
                  | mutation]
 12740 | D:9      | Learned a level 4 spell: Fulminant Prism
 12801 | D:10     | Entered Level 10 of the Dungeon
 13104 | D:10     | Reached XP level 11. HP: 64/80 MP: 7/23
 14233 | D:11     | Noticed a centaur warrior
 14249 | D:11     | Killed a centaur warrior
 14254 | D:11     | Noticed Amaemon
 14291 | D:11     | Killed Amaemon
 14391 | D:11     | HP: 2/80 [orc warrior/bolt (8)]
 14836 | D:11     | Noticed a two-headed ogre
 14848 | D:11     | Killed a two-headed ogre
 14853 | D:11     | HP: 4/80 [something (16)]
 14854 | D:11     | Slain by a vampire

Illustrated notes

Levels and vault maps discovered:
D:1:      psy_arrival_basics, layout_basic, minmay_misc_feat_diagonals,
          minivault_24
D:2:      layout_loops_ring, serial_shops, shop, shop, shop, shop, basic_altar,
          corexii_hall_statues_l, dk_vineyard_3
D:3:      layout_rooms, dreamdust_ecumenical_altar_hidden_monk_grotto,
          uniq_robin
D:4:      layout_basic, overflow_temple_1_default,
          mainiacjoe_overflow_tiny_flanked, minmay_misc_feat_columns,
          uniq_edmund, uniq_natasha, uniq_grinder, uniq_crazy_yiuf_cottage,
          uniq_blork_the_orc
D:5:      kennysheep_slugbush, layout_basic, nicolae_dithmenos_shadow_blocks,
          serial_shops, shop, corexii_shack, nicolae_shop_i_like_big_books,
          kennysheep_cross_bottleneck, uniq_pikel
D:6:      layout_layer_cave, lemuel_crystal_altar, kennysheep_mini_moat
D:7:      layout_cave_pools, nemelex_xobeh_ov_fountains_minmay,
          mainiacjoe_overflow_paths, minmay_temple_entry_antechambers,
          chequers_big_river
D:8:      layout_gridville, nicolae_hepliaklqana_hippocampus,
          erik_lair_orcish_takeover, serial_shops, shop, hangedman_incinerator,
          uniq_prince_ribbit1, uniq_psyche
D:9:      layout_loops_ring, nicolae_ru_the_path_less_chosen,
          nzn_wu_jian_contemplation, mainiacjoe_overflow_brackets,
          ebering_ghost_reflecting_pool, minmay_protected_statue
D:10:     layout_stronghold, amcnicky_mini_pool_medium
D:11:     layout_basic, david_orc_2, bh_circular_ruins, uniq_amaemon
D:12:     layout_roguey, tgw_xom

Skill      XL: |  1  2  3  4  5  6  7  8  9 10 11 |
---------------+----------------------------------+-----
Stealth        | 2 3 4 5 6 7 |  7.1
Dodging        | 2 3 4 5 6 |  6.7
Spellcasting   | 2 3 4 5 6 |  6.0
Fighting       | 1 2 3 4 5 6 |  6.1
Conjurations   | 4 5 6 7 |  7.3
Hexes          | 1 2 3 4 5 |  5.0
Staves         | 2 4 6 |  6.9
Translocations | 1 3 4 |  4.0

Action                     |  1- 3 |  4- 6 |  7- 9 | 10-12 || total
---------------------------+-------+-------+-------+-------++-------
  Melee: Dagger            |    25 |    81 |   100 |       ||   206
         Unarmed           |       |    12 |    21 |       ||    33
         Quarterstaff      |       |       |   147 |   221 ||   368
         Whip              |       |       |       |    53 ||    53
   Fire: Arbalest          |       |       |    10 |       ||    10
  Throw: Dart              |       |       |     1 |       ||     1
   Cast: Magic Dart        |    57 |     3 |    61 |    15 ||   136
         Searing Ray       |    13 |    23 |    45 |    39 ||   120
         Dazzling Flash    |       |     2 |       |     3 ||     5
         Iskenderun's Myst |       |       |       |    20 ||    20
  Evoke: Wand              |       |       |     1 |     6 ||     7
    Use: Scroll            |     5 |     3 |    13 |     5 ||    26
         Potion            |       |     1 |     3 |    15 ||    19
   Stab: Sleeping          |     1 |     2 |     7 |     4 ||    14
         Invisible         |       |     2 |       |     1 ||     3
         Petrifying        |       |       |     1 |       ||     1
         Petrified         |       |       |     1 |       ||     1
         Distracted        |       |       |     1 |       ||     1
         Confused          |       |       |       |     5 ||     5
         Paralysed         |       |       |       |     1 ||     1
 Armour: Robe              |    10 |    33 |   105 |   120 ||   268
  Dodge: Dodged            |    20 |    73 |   236 |   250 ||   579
